 Dungeon Crawl Stone Soup version 0.26-a0-651-gb41185065b (webtiles) character file.

Game seed: 9471430557552044667

67 miket3c the Chopper (level 3, 7/51 HPs)
             Began as a Minotaur Berserker on Oct 1, 2020.
             Was a Believer of Trog.
             Quit the game on level 2 of the Dungeon.
             The game lasted 00:01:41 (1700 turns).

miket3c the Chopper (Minotaur Berserker)            Turns: 1700, Time: 00:01:41

Health: 7/51       AC:  2    Str: 22    XL:     3   Next: 98%
Magic:  2/2        EV: 12    Int:  4    God:    Trog [**....]
Gold:   20         SH:  0    Dex:  9    Spells: 2/2 levels left

rFire    . . .     SeeInvis .   a - +0 hand axe
rCold    . . .     Faith    .   (no shield)
rNeg     . . .     Spirit   .   b - +0 animal skin
rPois    .         Reflect  .   (helmet restricted)
rElec    .         Harm     .   (no cloak)
rCorr    .         Rampage  .   (no gloves)
MR       .....                  (no boots)
Stlth    ..........             (no amulet)
HPRegen  0.17/turn              (no ring)
MPRegen  0.08/turn              (no ring)

@: berserking, lethally poisoned (7 -> -2), very quick
A: retaliatory headbutt, horns 2
a: Berserk, Trog's Hand, Renounce Religion


You were on level 2 of the Dungeon.
You worshipped Trog.
Trog was pleased with you.
You visited 1 branch of the dungeon, and saw 2 of its levels.

You collected 20 gold pieces.

Inventory:

Hand Weapons
 a - a +0 hand axe (weapon)
Missiles
 g - 20 stones (quivered)
Armour
 b - a +0 animal skin (worn)
Jewellery
 f - an uncursed amulet of reflection {unknown}
Scrolls
 e - a scroll of fog {unknown}
Potions
 c - a potion of curing {unknown}
 d - a potion of flight {unknown}


   Skills:
 + Level 4.5 Fighting
 + Level 4.6 Axes
 + Level 2.7 Armour
 + Level 2.8 Dodging
 + Level 0.2 Stealth


You had 2 spell levels left.
You didn't know any spells.
Your spell library was empty.

Dungeon Overview and Level Annotations

Branches:
Dungeon (2/15)

Altars:


Innate Abilities, Weirdness & Mutations

You reflexively headbutt those who attack you in melee.
You have a pair of horns on your head.


Message History

* * * LOW HITPOINT WARNING * * *
You feel sick. The adder closely misses you. You furiously retaliate!
You headbutt the adder!
You kill the adder!
Trog accepts your kill.
You are too berserk!
There is a lethal amount of poison in your body!
There is a lethal amount of poison in your body!
There is a lethal amount of poison in your body!
There is a lethal amount of poison in your body!
There is a lethal amount of poison in your body!
There is a lethal amount of poison in your body!
There is a lethal amount of poison in your body!
There is a lethal amount of poison in your body!
There is a lethal amount of poison in your body!
There is a lethal amount of poison in your body!
There is a lethal amount of poison in your body!
There is a lethal amount of poison in your body!
Unknown command.
Are you sure you want to abandon this character and quit the game? (Confirm with "yes".)

### ..#.# ###.#.#
...#.#####
.#######?.#.#...
............#.###
......?@...>....#
......†...#...#.#
..............#
........#.#..##
........+.#..##
........###...######.#
........# #..........#
######### #.#..#######
#..#.#


There were no monsters in sight!

Vanquished Creatures
  3 adders (D:2)
  An ooze (D:1)
  A worm (D:2)
  A leopard gecko (D:2)
  A ball python (D:2)
  2 giant cockroaches
  2 goblins
  2 hobgoblins
  4 jackals (D:1)
  5 kobolds (D:1)
  2 bats
  5 frilled lizards
  4 rats
33 creatures vanquished.

Notes
Turn   | Place    | Note
-------+----------+-------------------------------------------
     0 | D:1      | miket3c the Minotaur Berserker began the quest for the Orb.
     0 | D:1      | Reached XP level 1. HP: 19/19 MP: 0/0
   243 | D:1      | Reached XP level 2. HP: 18/27 MP: 1/1
  1215 | D:2      | Reached XP level 3. HP: 17/33 MP: 2/2
  1691 | D:2      | Reached ** piety under Trog
  1700 | D:2      | Quit the game

Illustrated notes

Levels and vault maps discovered:
D:1:      evilmike_arrival_home_sweet_home, layout_rooms
D:2:      layout_basic, nicolae_qazlal_general_emergency, uniq_natasha

Skill      XL: |  1  2 |
---------------+-------+-----
Fighting       | 4 |  4.5
Axes           | 4 |  4.6
Armour         | |  2.7
Dodging        | |  2.8
Stealth        | |  0.2

Action                   || total
-------------------------++-------
Melee: Hand axe          ||    79
       Headbutt          ||    11
Invok: Berserk           ||     2
Armor: Animal skin       ||     7
Dodge: Dodged            ||    72

Table legend: (Time is in decaauts)
 A = Elapsed time spent in this place.
 B = Non-inter-level travel time spent in this place.
 C = Inter-level travel time spent in this place.
 D = Time resting spent in this place.
 E = Time spent auto-exploring this place.
 F = Levels seen in this place.
 G = Mean time per level.
                   A        B        C        D        E       F      G
               +--------+--------+--------+--------+--------+-----+--------+
         Total |   1714 |   1677 |     37 |    722 |    788 |   2 |  857.0 |
       Dungeon |   1714 |   1677 |     37 |    722 |    788 |   2 |  857.0 |
               +--------+--------+--------+--------+--------+-----+--------+

Top non-repeatable levels by time:
     D:1: 1155 daAuts
     D:2: 559 daAuts
